 Dungeon Crawl Stone Soup version 0.31.0-11-ge490571c62 (webtiles) character file.

Game seed: 15372041296700904178

5 Esekla the Grave Robber (level 1, -3/9 HPs)
             Began as a Spriggan Necromancer on Jan 28, 2024.
             Slain by a gnoll
             ... wielding a +0 club
              (7 damage)
             ... on level 1 of the Dungeon.
             The game lasted 00:02:42 (267 turns).

Esekla the Grave Robber (Spriggan Necromancer)       Turns: 267, Time: 00:02:43

Health: -3/9       AC:  2    Str:  4    XL:     1   Next: 66%
Magic:  5/5        EV: 17    Int: 16    God:
Gold:   6          SH:  0    Dex: 15    Spells: 4/5 levels left

rFire   . . .        e - +0 hand axe
rCold   . . .        (no shield)
rNeg    . . .        a - +0 robe
rPois   .            (helmet restricted)
rElec   .            (no cloak)
rCorr   .            (gloves unavailable)
SInv    +            (boots unavailable)
Will    .....        (no amulet)
Stlth   ++           (no ring)
HPRegen 0.21/turn    (no ring)
MPRegen 0.09/turn

%: no passive effects
@: very quick
A: very small, no large weapons, unfitting armour, see invisible, speed 3
a: no special abilities


You were on level 1 of the Dungeon.
You visited 1 branch of the dungeon, and saw 2 of its levels.

You collected 6 gold pieces.

Inventory:

Hand Weapons
 e - a +0 hand axe (weapon)
 f - a +0 spear
Missiles
 d - 6 boomerangs
Armour
 a - a +0 robe (worn)
Jewellery
 g - a ring of fire
Scrolls
 c - a scroll of teleportation {unknown}
Potions
 b - a potion of magic


   Skills:
 * Level 2.9 Dodging
 + Level 3.0 Stealth
 * Level 2.7 Spellcasting
 + Level 3.8 Necromancy


You had 4 spell levels left.
You knew the following spells:

 Your Spells              Type           Power      Damage    Failure   Level
a - Necrotise             Necr           56%        1d6       4%          1

Your spell library contained the following spells:

 Spells                   Type           Power      Damage    Failure   Level
 Vampiric Draining        Necr           14%        2d7       12%         3
 Animate Dead             Necr           14%        N/A       38%         4
 Curse of Agony           Necr           14%        N/A       75%         5


Dungeon Overview and Level Annotations

Branches:
Dungeon (2/15)

Altars:

Annotations:
D:1 1 transporter


Innate Abilities, Weirdness & Mutations

You are very small and have problems with some larger weapons.
You are too small for most types of armour.
You have supernaturally acute eyesight. (SInv)
You cover ground extremely quickly. (Speed+++)


Message History

The goblin moves out of view.
Found an escape hatch in the floor.
A kobold comes into view. It is wielding a +0 short sword.
A rat comes into view.
The hobgoblin barely misses you.
A rat comes into view.
Found a scroll labelled SEDOAD BUTHRA.
The rat squeaks loudly.
The kobold closely misses you.
The hobgoblin attacks as it pursues you!
The hobgoblin barely misses you.
The rat twitches its whiskers.
The ball python attacks as it pursues you!
The ball python barely misses you. x2
Found a large emerald ring.
Found 5 gold pieces.
Found a ring mail.
A hobgoblin comes into view.
You see here a ring of fire.
g - a ring of fire
Found 12 gold pieces.
A gnoll comes into view. It is wielding a +0 club.
The gnoll shouts!
A dart slug comes into view.
Found a scroll labelled IJIN EDEIRAGETZ.
You hit the dart slug.
You punch the dart slug, but do no damage.
The dart slug is heavily wounded.
The dart slug barely misses you.
You hit the dart slug.
The dart slug is almost dead.
The dart slug launches a dart at you. The slug dart hits you.
Ouch! That really hurt!
You hit the dart slug.
You kill the dart slug!
You barely miss the gnoll. The gnoll misses you.
The gnoll attacks as it pursues you! The gnoll hits you with a +0 club!
Ouch! That really hurt!
You die...

..... ..... #. ..
.....# #.#.# #
......## #.#.# .#
.......####...# .#
.g.#....#..# #.##
######.####....# ...#
$...r#..K.#....##...#
...gJK.##.#.#K.g@...#
..gg.#gS...g#S###...#
...l.###....#.###...#
..rg.#............###
....l#..>.........#
..........[.....$.#
....$.......$.....#
.....#....#########
.....#....#


You could see a gnoll, a ball python and a kobold.

Vanquished Creatures
  A dart slug (D:1)
  A ball python (D:2)
  A hobgoblin (D:2)
3 creatures vanquished.

Notes
Turn   | Place    | Note
-------+----------+-------------------------------------------
     0 | D:1      | Esekla the Spriggan Necromancer began the quest for the
                  | Orb.
     0 | D:1      | Reached XP level 1. HP: 9/9 MP: 5/5
   203 | D:2      | Found a faded altar of an unknown god.
   267 | D:1      | Slain by a gnoll

Illustrated notes

Levels and vault maps discovered:
D:1:      spicycebolla_arrival_risky_transporter, layout_rooms, serial_shops,
          shop, shop
D:2:      layout_basic, nicolae_ecumenical_oubliette

Action                     || total
---------------------------++-------
  Melee: Hand axe          ||    14
         Punch             ||     1
 Armour: Robe              ||     4
  Dodge: Dodged            ||    20
